 Dungeon Crawl Stone Soup version 0.24-a0-484-g962a3eeff7 (webtiles) character file.

Game seed: 16332058002827145694

112931 Akello the Victor of a Thousand Battles (level 16, -9/134 HPs)
             Began as a Demonspawn Gladiator on July 9, 2019.
             Was the Champion of Okawaru.
             Mangled by a phantasmal warrior (17 damage)
             ... led by a death knight
             ... on level 15 of the Dungeon.
             The game lasted 01:02:19 (27436 turns).

Akello the Victor of a Thousand Battles (DsGl)     Turns: 27436, Time: 01:02:20

Health: -9/134     AC: 22    Str: 23    XL:     16   Next: 12%
Magic:  0/18       EV: 11    Int: 15    God:    Okawaru [******]
Gold:   2432       SH:  8    Dex: 20    Spells: 15/15 levels left

rFire    + . .     SeeInvis .   p - +3 quarterstaff "Spiderbane" {freeze, *Noise +Blink Str+3 Int+4}
rCold    + . .     Gourm    .   (shield currently unavailable)
rNeg     . . .     Faith    .   J - +2 plate armour "Javohenu" {*Slow rC+ Int+2}
rPois    +         Spirit   +   (helmet unavailable)
rElec    +         Reflect  +   a - scarf {repulsion}
rCorr    .         Harm     .   H - +2 pair of gloves {archery}
MR       +....     Rnd*Rage +   m - +0 pair of boots
Stlth    ..........             r - +4 amulet of reflection
HPRegen  0.72/turn              n - +3 ring of strength
MPRegen  0.32/turn              Q - ring of Niphuus {rElec rPois MR++ MP-9 Stlth-}

@: vulnerable, studying Axes, repel missiles
A: horns 3, large bone plates 1, berserk 1, fire resistance 1, sense
surroundings 1, regeneration 1, magic shield, magic regeneration, magic link
a: Heroism, Finesse, Renounce Religion, Evoke Blink


You were on level 15 of the Dungeon.
You worshipped Okawaru.
Okawaru was exalted by your worship.
You were not hungry.

You visited 4 branches of the dungeon, and saw 24 of its levels.
You also visited: Volcano.

You collected 2477 gold pieces.
You spent 45 gold pieces at shops.

Inventory:

Hand Weapons
 c - a +1 quarterstaff of protection
 k - the +6 quarterstaff "Spiderslayer" {elec, +Fly rPois rC-}
   (Okawaru gifted it to you on level 12 of the Dungeon)

   Occasionally, upon striking a foe, it will discharge some electrical energy
   and cause terrible harm.
   It makes you vulnerable to cold.
   It protects you from poison.
   It lets you fly.
 p - the +3 quarterstaff "Spiderbane" (weapon) {freeze, *Noise +Blink Str+3 Int+4}
   (Okawaru gifted it to you on level 6 of the Lair of Beasts)

   It has been specially enchanted to freeze those struck by it, causing extra
   injury to most foes and up to half again as much damage against particularly
   susceptible opponents.
   It can also slow down cold-blooded creatures.
   It affects your strength (+3).
   It affects your intelligence (+4).
   It lets you blink.
   It may make noises in combat.
 V - the +8 demon trident "Rift" {distort, reach+}
   (You found it on level 4 of the Lair of Beasts)

   It warps and distorts space around it.
   Unwielding it can cause banishment or high damage.
Missiles
 j - 30 silver javelins
 l - 100 poisoned darts
 x - 13 curare-tipped darts (quivered)
 L - 11 javelins
 P - 7 atropa-tipped darts
Armour
 a - a scarf of repulsion (worn)
 m - a +0 pair of boots (worn)
 s - a +0 cloak
 v - the +1 robe of Odghiaps {-Tele rCorr Int+3 Slay+6}
   (Okawaru gifted it to you on level 6 of the Lair of Beasts)

   It affects your intelligence (+3).
   It affects your accuracy and damage with ranged weapons and melee attacks
   (+6).
   It prevents most forms of teleportation.
   It provides partial protection from all sources of acid and corrosion.
 C - +0 ice dragon scales
 H - a +2 pair of gloves of archery (worn)
 J - the +2 plate armour "Javohenu" (worn) {*Slow rC+ Int+2}
   (Okawaru gifted it to you on level 10 of the Dungeon)

   It affects your intelligence (+2).
   It protects you from cold.
   It may slow you when you take damage.
 X - a +0 pair of gloves
Jewellery
 d - a +2 amulet of reflection
 n - a +3 ring of strength (left hand)
 r - a +4 amulet of reflection (around neck)
 I - a cursed -3 ring of protection {unknown}
 Q - the ring of Niphuus (right hand) {rElec rPois MR++ MP-9 Stlth-}
   (You found it on level 6 of the Lair of Beasts)

   [ring of poison resistance]

   It insulates you from electricity.
   It protects you from poison.
   It affects your resistance to hostile enchantments.
   It affects your magic capacity (-9).
   It makes you less stealthy.
 S - an uncursed ring of protection from cold
Wands
 b - a wand of flame (16)
 g - a wand of iceblast (26)
 i - a wand of polymorph (22)
 u - a wand of acid (46)
 y - a wand of scattershot (18)
 z - a wand of digging (6)
 M - a wand of clouds (6)
 N - a wand of disintegration (28)
 O - a wand of paralysis (29)
Scrolls
 e - 17 scrolls of identify
 o - 6 scrolls of magic mapping
 q - 3 scrolls of amnesia
 w - 11 scrolls of teleportation
 B - 2 scrolls of enchant weapon
 D - 4 scrolls of enchant armour
 E - 12 scrolls of remove curse
 K - 2 scrolls of fog
Potions
 h - 4 potions of lignification
 t - 3 potions of curing
 A - 2 potions of cancellation
 F - a potion of magic
 G - 3 potions of resistance
 R - 3 potions of flight
 U - 2 potions of agility
 W - 2 potions of might
 Y - a potion of berserk rage
Books
 Z - a manual of Axes
Comestibles
 f - 33 rations


   Skills:
 + Level 14.4 Fighting
 + Level 13.5 Staves
 - Level 10.0 Throwing
 + Level 11.4 Armour
 - Level 6.3 Dodging
 - Level 15.1 Invocations


You had 15 spell levels left.
You didn't know any spells.
Your spell library contained the following spells:

 Spells                   Type           Power        Failure   Level  Hunger
 Beastly Appendage        Tmut           #.....       96%         1    ##.....
 Confusing Touch          Hex            #.....       96%         1    ##.....
 Corona                   Hex            #......      96%         1    ##.....
 Flame Tongue             Conj/Fire      #....        96%         1    ##.....
 Passwall                 Tmut/Erth      #.......     99%         2    ###....
 Slow                     Hex            #.......     99%         2    ###....
 Sticks to Snakes         Tmut           #.......     99%         2    ###....
 Swiftness                Chrm/Air       #.......     99%         2    ###....
 Throw Flame              Conj/Fire      #.....       99%         2    ###....
 Confuse                  Hex            #.......     100%        3    ####...
 Conjure Flame            Conj/Fire      #.......     100%        3    ####...
 Gell's Gravitas          Tloc           #.........   100%        3    ####...
 Inner Flame              Hex/Fire       #.......     100%        3    ####...
 Portal Projectile        Hex/Tloc       #.....       100%        3    ####...
 Spider Form              Tmut/Pois      #.........   100%        3    ####...
 Cause Fear               Hex            #.........   100%        4    #####..
 Ice Form                 Ice/Tmut       #.......     100%        4    #####..
 Leda's Liquefaction      Hex/Erth       #.........   100%        4    #####..
 Passage of Golubria      Tloc           N/A          100%        4    #####..
 Petrify                  Tmut/Erth      #.......     100%        4    #####..
 Sticky Flame             Conj/Fire      #.......     100%        4    #####..
 Blade Hands              Tmut           #.........   100%        5    ######.
 Fireball                 Conj/Fire      #.........   100%        5    ######.
 Irradiate                Conj/Tmut      #.........   100%        5    ######.
 Lee's Rapid Deconstruct  Erth           #.........   100%        5    ######.
 Metabolic Englaciation   Hex/Ice        #.........   100%        5    ######.
 Yara's Violent Unravell  Hex/Tmut       #.........   100%        5    ######.
 Bolt of Cold             Conj/Ice       #.........   100%        6    #######
 Darkness                 Hex            #.........   100%        6    #######
 Freezing Cloud           Conj/Ice/Air   #.........   100%        6    #######
 Hydra Form               Tmut           #.........   100%        6    #######
 Invisibility             Hex            #.......     100%        6    #######
 Ozocubu's Refrigeration  Ice            #.........   100%        6    #######
 Simulacrum               Ice/Necr       #.........   100%        6    #######
 Statue Form              Tmut/Erth      #........    100%        6    #######
 Dragon Form              Tmut           #.........   100%        7    #######


Dungeon Overview and Level Annotations

Branches:
Dungeon (15/15)            Temple (1/1) D:4            Lair (6/6) D:9
  Swamp (0/4) Lair:3        Snake (0/4) Lair:3        Slime (0/5) Lair:6
    Orc (2/2) D:11            Elf (0/3) Orc:2        Vaults (0/5) D:13
 Depths (0/5) D:15

Altars:
Ashenzari
Cheibriados
Dithmenos
Elyvilon
Fedhas
Hepliaklqana
Kikubaaqudgha
Makhleb
Nemelex Xobeh
Okawaru
Qazlal
Ru
Sif Muna
Trog
Uskayaw
Vehumet
Wu Jian
Xom
Yredelemnul
Zin

Shops:
D:8 ?   D:9 *   D:12 [   Orc:2 :(}*(

Annotations:
Lair:6 exclusion: 3 oklob plants


Innate Abilities, Weirdness & Mutations

You have a pair of large horns on your head.
You are partially covered in large bone plates. (SH +4)
Your flesh is heat resistant. (rF+)
When hurt, damage is shared between your health and your magic reserves.
You regenerate magic rapidly.
When low on magic, you restore magic in place of health.
You tend to lose your temper in combat.
You passively map a small area around you.
Your natural rate of healing is unusually fast.


Message History

The phantasmal warrior closely misses you.
You block the phantasmal warrior's attack.
You hit the death knight but do no damage.
Your headbutt misses the death knight.
The death knight is severely wounded.
You block the phantasmal warrior's attack.
You sock the death knight! You freeze the death knight.
You headbutt the death knight.
The death knight is almost dead.
The phantasmal warrior hits you.
* * * LOW HITPOINT WARNING * * *
The death knight hits you with a +0 broad axe!
* * * LOW HITPOINT WARNING * * *
The phantasmal warrior blinks!
You block the death knight's attack.
You hit the death knight. You freeze the death knight.
You headbutt the death knight!
You kill the death knight!
Okawaru accepts your kill. The phantasmal warrior hits you!!
You die...

..####.......#.## ######.#......#
..# #.......#### ##............##
..# #........#####.............#
.##...........#...#...........##
##..........................##.##
#.............W...#.#.#..[.#....#
...........(....##..............#
................#...............#
...............#@..............##
#....###.......)W.............##
....##>##.......§..............#
...##...##.....................#
...#..#..#...........).†......##
...#..#..#............<......#.##
...#..#..#......................#
...#..#..#...................#.##
...#..#..#..................#...#


You could see 2 phantasmal warriors.

Vanquished Creatures
  Rupert (D:14)
  Gastronok (D:9)
  A stone giant (Orc:2)
  The ghost of P0WERM0DE the Fighter, a journeyman FoFi of Okawaru (Orc:1)
  Nessos (D:14)
  2 merfolk impalers (Orc:2)
  Josephine (D:15)
  A merfolk javelineer (Orc:2)
  A fire dragon (D:15)
  2 ice dragons (D:15)
  7 hydras
  Erolcha (D:9)
  An anaconda (shapeshifter) (D:15)
  2 centaur warriors
  2 death knights
  6 two-headed ogres
  3 dancing weapons
  A tengu warrior (D:15)
  An orc high priest (Orc:2)
  Urug (Lair:6)
  Sonja (D:12)
  Nergalle (Orc:1)
  2 unseen horrors
  A deep elf mage (D:14)
  5 wizards (Volcano)
  Pikel (D:5)
  9 orc knights
  A shining eye (shapeshifter) (D:15)
  3 orc sorcerers (Orc:1)
  4 ugly things
  A manticore (D:13)
  A salamander (Lair:1)
  A cyclops (D:12)
  17 elephants
  5 toenail golems (Volcano)
  Joseph (D:7)
  Maurice (D:9)
  A torpor snail (Lair:6)
  A gargoyle (D:10)
  A black mamba (Lair:6)
  7 centaur skeletons
  24 spiny frogs
  A molten gargoyle (Lair:1)
  3 rime drakes
  11 komodo dragons
  A tengu conjurer (D:14)
  2 ice devils (Lair:5)
  5 tyrant leeches (Lair:6)
  13 trolls
  A polar bear (D:11)
  6 slime creatures
  A hornet (D:11)
  29 blink frogs
  A meliai zombie (D:11)
  A bog body (Lair:3)
  13 dream sheep (Lair:6)
  A centaur simulacrum (D:11)
  14 hippogriffs
  2 spriggans (Lair:3)
  6 wraiths
  4 wyverns
  A tarantella (shapeshifter) (D:13)
  2 shadows
  3 hogs (D:7)
  A human (D:7)
  45 yaks
  4 basilisks
  2 hungry ghosts
  16 vampire mosquitoes
  2 swamp worms (Lair:3)
  3 wargs (Orc:1)
  3 acid dragons
  4 water moccasins
  6 porcupines
  44 orc warriors
  2 eyes of draining
  6 ice beasts
  A hornet zombie (D:9)
  3 slaves (D:5)
  A phantom (D:9)
  2 sky beasts
  27 centaurs
  16 ogres
  13 wolves
  5 big kobolds
  10 crocodiles
  29 bullfrogs
  A gnoll sergeant (D:10)
  A water moccasin zombie (D:7)
  A wyvern zombie (D:8)
  9 scorpions
  2 wyvern skeletons
  6 killer bees
  17 wights
  8 howler monkeys
  8 electric eels
  6 crimson imps
  4 quasits
  4 bullfrog zombies
  4 centaur zombies
  5 hounds
  27 orc wizards
  24 orc priests
  A bullfrog skeleton (D:11)
  5 jellies
  3 hell rats (Lair:5)
  12 worker ants
  A bullfrog simulacrum (D:11)
  2 hound zombies
  A mummy (D:9)
  3 worker ant zombies
  14 gnolls
  A howler monkey zombie (D:5)
  18 adders
  2 howler monkey skeletons
  8 shadow imps
  4 white imps (D:11)
  2 oozes
  4 adder skeletons
  An adder zombie (D:4)
  2 worms
  4 dart slugs
  An adder simulacrum (D:9)
  8 leopard geckos
  104 orcs
  11 bats
  3 giant cockroaches (D:3)
  10 goblins
  6 hobgoblins
  3 jackals (D:3)
  30 kobolds
  2 quokkas (D:8)
  9 frilled lizards
  A leopard gecko skeleton (D:9)
  2 quokka skeletons
  8 rats
  A plant (D:9)
906 creatures vanquished.

Vanquished Creatures (others)
  An orc knight (Orc:2)
  A human (D:4)
  3 centaurs
  A hell rat (Lair:5)
  An adder (D:10)
  8 orcs
  2 bushes
  14 fungi
  62 plants
93 creatures vanquished.

Grand Total: 999 creatures vanquished

Notes
Turn   | Place    | Note
-------+----------+-------------------------------------------
     0 | D:1      | Akello the Demonspawn Gladiator began the quest for the
                  | Orb.
     0 | D:1      | Reached XP level 1. HP: 16/16 MP: 1/1
   167 | D:1      | Gained mutation: When hurt, damage is shared between your
                  | health and your magic reserves. [demonic ancestry]
   167 | D:1      | Reached XP level 2. HP: 15/23 MP: 2/2
   830 | D:1      | Gained mutation: Your flesh is cold resistant. (rC+)
                  | [potion of mutation]
   830 | D:1      | Gained mutation: Your natural rate of healing is unusually
                  | fast. [potion of mutation]
   897 | D:2      | Reached XP level 3. HP: 23/28 MP: 3/3
  1189 | D:2      | Gained mutation: You have a pair of small horns on your
                  | head. [demonic ancestry]
  1189 | D:2      | Reached XP level 4. HP: 35/35 MP: 4/4
  1312 | D:2      | Lost mutation: Your flesh is cold resistant. (rC+) [potion
                  | of mutation]
  1312 | D:2      | Gained mutation: You tend to lose your temper in combat.
                  | [potion of mutation]
  1312 | D:2      | Gained mutation: You passively map a small area around you.
                  | [potion of mutation]
  2046 | D:3      | Reached XP level 5. HP: 41/41 MP: 5/5
  2115 | D:3      | Found an ancient bone altar of Kikubaaqudgha.
  2827 | D:4      | Found a staircase to the Ecumenical Temple.
  2900 | Temple   | Entered the Ecumenical Temple
  2976 | Temple   | Became a worshipper of Warmaster Okawaru
  2988 | D:4      | Found an ancient bone altar of Kikubaaqudgha.
  2993 | D:4      | Noticed a human
  2994 | D:4      | Killed a human
  3204 | D:4      | Noticed a centaur
  3210 | D:4      | Found a burning altar of Makhleb.
  3225 | D:4      | HP: 2/42 [centaur/cursed -3 shortbow (3)]
  3228 | D:4      | Killed a centaur
  3228 | D:4      | Gained mutation: You regenerate magic rapidly. [demonic
                  | ancestry]
  3228 | D:4      | Reached XP level 6. HP: 4/49 MP: 0/6
  3660 | D:5      | Entered Level 5 of the Dungeon
  3871 | D:5      | Reached * piety under Okawaru
  4107 | D:5      | Noticed a slave
  4107 | D:5      | Noticed a slave
  4108 | D:5      | Noticed Pikel
  4108 | D:5      | Noticed a slave
  4143 | D:5      | Killed a slave
  4155 | D:5      | Killed a slave
  4161 | D:5      | Gained mutation: Your flesh is heat resistant. (rF+)
                  | [demonic ancestry]
  4161 | D:5      | Reached XP level 7. HP: 34/55 MP: 5/7
  4256 | D:5      | Killed Pikel
  4256 | D:5      | Reached skill level 5 in Fighting
  4256 | D:5      | Reached skill level 5 in Staves
  4457 | D:5      | Gained mutation: You are partially covered in large bone
                  | plates. (SH +4) [demonic ancestry]
  4457 | D:5      | Reached XP level 8. HP: 29/64 MP: 6/8
  4724 | D:5      | Found a stormy altar of Qazlal.
  4727 | D:5      | Found a sacrificial altar of Ru.
  4774 | D:6      | Reached skill level 5 in Throwing
  4797 | D:6      | Reached ** piety under Okawaru
  5284 | D:7      | Noticed Joseph
  5297 | D:7      | Killed Joseph
  5389 | D:7      | Reached *** piety under Okawaru
  5416 | D:6      | Reached XP level 9. HP: 40/72 MP: 5/9
  5719 | D:7      | Reached **** piety under Okawaru
  5773 | D:7      | Received a gift from Okawaru
  5788 | D:7      | Got a fine ring mail
  5799 | D:7      | Identified the +1 ring mail of Tadahi {rN+ MP+9} (You found
                  | it on level 7 of the Dungeon)
  5862 | D:7      | Found a shattered altar of Ashenzari.
  6497 | D:8      | Found a shimmering altar of Xom.
  6634 | D:8      | Found a sparkling altar of Nemelex Xobeh.
  6753 | D:8      | Reached skill level 1 in Invocations
  6753 | D:8      | Gained mutation: You have a pair of horns on your head.
                  | [demonic ancestry]
  6753 | D:8      | Reached XP level 10. HP: 82/82 MP: 10/10
  6870 | D:8      | Reached skill level 1 in Armour
  6878 | D:8      | Reached ***** piety under Okawaru
  7030 | D:8      | Reached skill level 2 in Invocations
  7121 | D:8      | Received a gift from Okawaru
  7219 | D:8      | Noticed a two-headed ogre
  7336 | D:8      | Found Xuywarin's Magic Scroll Shoppe.
  7342 | D:8      | Bought a scroll of teleportation for 45 gold pieces
  7598 | D:9      | Noticed Gastronok
  7630 | D:9      | Killed Gastronok
  7630 | D:9      | Reached skill level 4 in Invocations
  7784 | D:9      | Noticed a two-headed ogre
  7791 | D:9      | Killed a two-headed ogre
  7791 | D:9      | Received a gift from Okawaru
  7847 | D:9      | Reached XP level 11. HP: 76/89 MP: 14/14
  7980 | D:9      | Noticed Erolcha
  7991 | D:9      | Killed Erolcha
  7991 | D:9      | Reached skill level 5 in Invocations
  8027 | D:9      | Found a snail-covered altar of Cheibriados.
  8184 | D:9      | Found Leanoodi's General Store.
  8251 | D:9      | Found a staircase to the Lair.
  8428 | D:9      | Noticed Maurice
  8664 | D:9      | Killed Maurice
  8846 | D:10     | Entered Level 10 of the Dungeon
  9039 | D:10     | Reached skill level 5 in Dodging
  9139 | D:10     | Received a gift from Okawaru
  9164 | D:10     | Got a diamond-encrusted plate armour {god gift}
  9173 | D:10     | Identified the +2 plate armour "Javohenu" {*Slow rC+ Int+2}
                  | (Okawaru gifted it to you on level 10 of the Dungeon)
  9321 | D:10     | Reached skill level 6 in Invocations
  9771 | D:10     | Noticed a two-headed ogre
  9795 | D:10     | Killed a two-headed ogre
 10168 | Lair:1   | Entered Level 1 of the Lair of Beasts
 10260 | D:9      | Reached skill level 10 in Fighting
 10517 | Lair:1   | Noticed a five-headed hydra
 10708 | Lair:1   | Reached skill level 7 in Invocations
 10842 | Lair:1   | Reached skill level 5 in Armour
 10885 | Lair:1   | Gained mutation: When low on magic, you restore magic in
                  | place of health. [demonic ancestry]
 10885 | Lair:1   | Reached XP level 12. HP: 95/97 MP: 17/17
 10927 | Lair:1   | Reached ****** piety under Okawaru
 11220 | Lair:1   | Killed a five-headed hydra
 11985 | Lair:2   | Noticed a five-headed hydra
 11998 | Lair:2   | Killed a five-headed hydra
 11998 | Lair:2   | Reached skill level 8 in Invocations
 12345 | Lair:3   | Found a staircase to the Snake Pit.
 12539 | Lair:3   | Received a gift from Okawaru
 12643 | Lair:3   | Found a staircase to the Swamp.
 12758 | Lair:3   | Reached skill level 10 in Staves
 13762 | Lair:4   | Reached skill level 9 in Invocations
 13784 | Lair:4   | Reached skill level 10 in Throwing
 13992 | Lair:4   | Received a gift from Okawaru
 14041 | Lair:4   | Found the +8 demon trident "Rift" {distort, reach+}
 14252 | Lair:4   | Gained mutation: You have a pair of large horns on your
                  | head. [demonic ancestry]
 14252 | Lair:4   | Reached XP level 13. HP: 56/106 MP: 12/20
 14917 | Lair:5   | Found a dark tunnel.
 14924 | Volcano  | Entered a volcano
 14953 | Volcano  | Received a gift from Okawaru
 15105 | Volcano  | Reached skill level 10 in Invocations
 15228 | Volcano  | Received a gift from Okawaru
 15672 | Lair:5   | Received a gift from Okawaru
 16343 | Lair:6   | Entered Level 6 of the Lair of Beasts
 16438 | Lair:6   | Reached skill level 11 in Invocations
 16486 | Lair:6   | Received a gift from Okawaru
 16700 | Lair:6   | Got a smoking quarterstaff {god gift}
 16701 | Lair:6   | Identified the +3 quarterstaff "Spiderbane" {freeze, *Noise
                  | +Blink Str+3 Int+4} (Okawaru gifted it to you on level 6 of
                  | the Lair of Beasts)
 17406 | Lair:6   | Noticed Urug
 17429 | Lair:6   | Reached XP level 14. HP: 104/115 MP: 14/22
 17437 | Lair:6   | Killed Urug
 17447 | Lair:6   | Received a gift from Okawaru
 17624 | Lair:6   | Reached skill level 12 in Invocations
 17867 | Lair:6   | Received a gift from Okawaru
 17870 | Lair:6   | Got a heavily jewelled robe {god gift}
 17872 | Lair:6   | Identified the +1 robe of Odghiaps {-Tele rCorr Int+3
                  | Slay+6} (Okawaru gifted it to you on level 6 of the Lair of
                  | Beasts)
 18155 | Lair:6   | Got a warped turquoise ring
 18167 | Lair:6   | Identified the ring of Niphuus {rElec rPois MR++ MP-9
                  | Stlth-} (You found it on level 6 of the Lair of Beasts)
 18588 | Lair:6   | Found a staircase to the Slime Pits.
 19639 | D:11     | Reached skill level 13 in Invocations
 19811 | D:11     | Found a staircase to the Orcish Mines.
 20229 | D:12     | Received a gift from Okawaru
 20235 | D:12     | Got a warped quarterstaff {god gift}
 20236 | D:12     | Identified the +6 quarterstaff "Spiderslayer" {elec, +Fly
                  | rPois rC-} (Okawaru gifted it to you on level 12 of the
                  | Dungeon)
 20426 | D:12     | Noticed Sonja
 20444 | D:12     | Killed Sonja
 20654 | D:12     | Found Isiodgh's Antique Armour Shoppe.
 21288 | D:13     | Found a gate to the Vaults.
 21299 | D:13     | Received a gift from Okawaru
 21495 | D:13     | Reached XP level 15. HP: 124/124 MP: 16/25
 21502 | D:13     | Reached skill level 10 in Armour
 22124 | D:14     | Noticed Nessos
 22134 | D:14     | Killed Nessos
 22755 | Orc:1    | Entered Level 1 of the Orcish Mines
 22785 | Orc:1    | Received a gift from Okawaru
 22788 | Orc:1    | Reached skill level 14 in Invocations
 23216 | Orc:2    | Entered Level 2 of the Orcish Mines
 23221 | Orc:2    | Received a gift from Okawaru
 24004 | Orc:2    | Found Kourioc's Weapon Emporium.
 24118 | Orc:2    | Found a runed translucent gate.
 24119 | Orc:2    | Found a runed translucent gate.
 24119 | Orc:2    | Noticed P0WERM0DE's ghost (journeyman FoFi)
 24120 | Orc:2    | Found a runed translucent gate.
 24123 | Orc:2    | Found an iron altar of Okawaru.
 24388 | Orc:2    | Found a staircase to the Elven Halls.
 24427 | Orc:2    | Found Ebuukeas's Antique Weapon Emporium.
 24427 | Orc:2    | Found Xucwug's Gadget Shop.
 24429 | Orc:2    | Found Cypawycs's Assorted Antiques.
 24431 | Orc:2    | Found Subb's Book Shoppe.
 25050 | Orc:1    | Killed P0WERM0DE's ghost
 25644 | Orc:1    | Noticed Nergalle
 25657 | Orc:1    | Killed Nergalle
 25949 | D:15     | Entered Level 15 of the Dungeon
 26047 | D:15     | Received a gift from Okawaru
 26137 | D:15     | Noticed Josephine
 26148 | D:15     | Killed Josephine
 26457 | D:15     | Reached skill level 15 in Invocations
 26466 | D:15     | Found a staircase to the Depths.
 26487 | D:15     | Received a gift from Okawaru
 26729 | D:15     | Noticed Rupert
 26946 | D:15     | Reached XP level 16. HP: 80/133 MP: 12/27
 27122 | D:14     | Killed Rupert
 27122 | D:14     | Received a gift from Okawaru
 27436 | D:15     | Mangled by a phantasmal warrior

Levels and vault maps discovered:
D:1:      denvon_arrival_hothouse, layout_rooms, st_stairs_1
D:2:      layout_loops_ring
D:3:      layout_basic, kiku_gazebo_garden_becter,
          chequers_serial_rivers_small_a
D:4:      layout_cave_pools, lemuel_coloured_pillars_altar,
          minmay_temple_entry_mist, tgw_kikubaaqudgha
D:5:      layout_basic, nicolae_overflow_hidden_temple, first_ration, uniq_pikel
D:6:      layout_cave_pools
D:7:      layout_rooms, ashenzari_conservatory_becter, enter_bailey_3,
          grunt_livestock, st_stairs_5, uniq_joseph
D:8:      minmay_s_stair_smasher, layout_loops_ring, old_standard_altar,
          serial_shops, kennysheep_little_box, nemelex_dance_club_becter
D:9:      layout_long_grid, slow_altar_2, david_lair_shrubbed, serial_shops,
          kennysheep_mini_moat, hangedman_weighted_door, uniq_gastronok,
          uniq_maurice, uniq_erolcha
D:10:     layout_basic
D:11:     layout_gridville, david_orc_4, serial_ice, serial_ice_e, serial_ice_b,
          serial_ice_j, serial_ice_f
D:12:     layout_loops_corners, serial_shops, shop, uniq_sonja
D:13:     layout_roguey, erik_vaults_1
D:14:     layout_loops_corners, serial_bayou_pond_e, uniq_nessos
D:15:     grunt_enter_depths_hoard, layout_cross, serial_park,
          serial_park_square1 [serial_park_minivault_5x5_1], uniq_rupert,
          uniq_josephine
Temple:   dshaligram_water_room_temple
Lair:1:   layout_gridlike, st_stairs_8
Lair:2:   layout_regular_city
Lair:3:   wad_woods_tower, layout_cave_pods,
          nicolae_swamp_entry_splash_gauntlet, dummy_snake_entry
Lair:4:   layout_roguey, grunt_megastairs_3, infiniplex_staircase_pool
Lair:5:   statuecave_lemuel, layout_gridlike, serial_bayou, serial_bayou_pond_c,
          serial_bayou_pond_e, serial_bayou_pond_d, serial_bayou_lake_a,
          portal_ice_cave_demonic_guard, enter_volcano_2
Lair:6:   minmay_lair_end_frog_pond, layout_cave_pods,
          minmay_slime_entry_oklob_open, uniq_urug
Orc:1:    layout_diamond_mine, uniq_nergalle
Orc:2:    st_orc_rangers, layout_caves, gammafunk_ghost_fury_of_okawaru,
          serial_shops, shop

Skill      XL: |  1  2  3  4  5  6  7  8  9 10 11 12 13 14 15 |
---------------+----------------------------------------------+-----
Staves         | 3 4 5 6 8 9 10 11 12 13 | 13.5
Fighting       | 3 4 5 7 8 9 10 11 12 13 14 | 14.4
Throwing       | 2 3 4 6 7 8 9 10 | 10.0
Invocations    | 1 4 7 9 11 13 15 | 15.1
Dodging        | 4 5 6 |  6.3
Armour         | 3 5 6 8 9 11 | 11.4

Action                   |  1- 3 |  4- 6 |  7- 9 | 10-12 | 13-15 | 16-18 || total
-------------------------+-------+-------+-------+-------+-------+-------++-------
Melee: Quarterstaff      |   115 |   318 |   315 |   993 |  1962 |    90 ||  3793
       Headbutt          |       |    43 |    65 |   253 |   569 |    36 ||   966
Throw: Throwing net      |       |     3 |       |       |       |       ||     3
       Dart              |       |       |     7 |    30 |     8 |       ||    45
       Boomerang         |       |       |       |    27 |       |       ||    27
       Javelin           |       |       |       |    11 |     6 |       ||    17
Invok: Heroism           |       |       |       |     3 |    12 |       ||    15
       Finesse           |       |       |       |       |     4 |       ||     4
  Use: Potion            |     4 |    10 |     1 |       |     6 |     5 ||    26
       Scroll            |     3 |     5 |     2 |     6 |    10 |       ||    26
 Stab: Held in net/web   |       |     1 |       |       |       |       ||     1
       Sleeping          |       |       |     1 |       |       |       ||     1
  Eat: Chunk             |     1 |     4 |     4 |    20 |    29 |       ||    58
       Ration            |       |     2 |     1 |     2 |     4 |     1 ||    10
Armor: Leather armour    |    51 |   115 |    36 |       |       |       ||   202
       Ring mail         |       |       |    27 |    66 |       |       ||    93
       Plate armour      |       |       |       |   328 |   853 |    56 ||  1237
Dodge: Dodged            |    96 |   242 |   149 |   376 |   855 |    37 ||  1755
       Deflected         |       |       |       |       |    45 |       ||    45
Block: Other             |       |    11 |   101 |   322 |   760 |    35 ||  1229
       Reflection        |       |     1 |    10 |     3 |    53 |       ||    67

Table legend:
 A = Non-vault XP
 B = Vault XP
 C = Vault XP percentage of total XP
 D = Non-vault monster count
 E = Vault monster count
 F = Vault count percentage of total count
                 A         B        C        D         E       F
            +---------+---------+-------+---------+---------+-------
      Total |  101276 |   60055 |  37.2 |     701 |     208 |  22.9
            +---------+---------+-------+---------+---------+-------
        D:1 |      32 |       4 |  11.1 |      19 |       3 |  13.6
        D:2 |      78 |       0 |   0.0 |      21 |       0 |   0.0
        D:3 |     229 |       0 |   0.0 |      44 |       0 |   0.0
        D:4 |     191 |       0 |   0.0 |      13 |       0 |   0.0
        D:5 |     345 |     586 |  62.9 |      15 |       1 |   6.2
        D:6 |     654 |       0 |   0.0 |      20 |       0 |   0.0
        D:7 |    1023 |    1597 |  61.0 |      29 |      11 |  27.5
        D:8 |    1545 |    1174 |  43.2 |      39 |      16 |  29.1
        D:9 |    4108 |    4078 |  49.8 |      34 |      10 |  22.7
       D:10 |    3484 |       0 |   0.0 |      37 |       0 |   0.0
       D:11 |    5129 |    1867 |  26.7 |      47 |      28 |  37.3
       D:12 |    4063 |     642 |  13.6 |      35 |       1 |   2.8
       D:13 |    7904 |    1808 |  18.6 |      50 |       2 |   3.8
       D:14 |    8465 |    4151 |  32.9 |      38 |       2 |   5.0
       D:15 |   11700 |    3886 |  24.9 |      30 |       7 |  18.9
     Lair:1 |    5196 |     151 |   2.8 |      19 |       1 |   5.0
     Lair:2 |    3490 |       0 |   0.0 |      11 |       0 |   0.0
     Lair:3 |    1689 |    2800 |  62.4 |       7 |      10 |  58.8
     Lair:4 |    5568 |     684 |  10.9 |      26 |       2 |   7.1
     Lair:5 |    7225 |    1302 |  15.3 |      26 |       4 |  13.3
     Lair:6 |   18711 |   13757 |  42.4 |      62 |      51 |  45.1
      Orc:1 |    7662 |    7614 |  49.8 |      50 |      21 |  29.6
      Orc:2 |    2785 |    7164 |  72.0 |      29 |      27 |  48.2
    Volcano |       0 |    6790 | 100.0 |       0 |      11 | 100.0
            +---------+---------+-------+---------+---------+-------
